AoeStats
← chinorron

Nomad

509674044Analyzed
3v3 RM · 4d ago on Sep 27, 2026· 67m 28s· 6 players
Game mode
Random Map
Map size
210×210
Population
200
Speed
Normal
Resources
Standard
Victory
Conquest
Starting age
Dark Age
Ending age
Imperial Age
RankedLock teamsTeams togetherTeam positionsShared explorationLock speedFull tech treeHidden civsTurbo modeCheats
Victory
Defeat
🇪🇸 Dravidians · Spain
1178
+10
🇪🇸 Teutons · Spain
1138
+12
🇬🇧 Spanish · United Kingdom
1014
+18
🇧🇷 Japanese · Brazil
1087
-15
🇮🇩 Turks · Indonesia
1036
-13
🇷🇺 Shu · Russia
1012
-12
shamannking1993
4:09 Loom
14:54 Feudal Age
16:22 Wheelbarrow
15:34 Double-Bit Axe
21:41 Castle Age
19:33 Fishing Lines
22:47 Hand Cart
21:54 Demolition Ship
22:45 Medium Warships
22:38 Gillnets
24:21 Coinage
28:19 Pikeman
29:25 Gold Mining
29:26 Stone Mining
28:57 Crossbowman
30:46 Forging
30:37 Scale Mail Armor
31:00 Fletching
31:11 Padded Archer Armor
31:39 Ballistics
32:24 Horse Collar
33:00 Town Watch
33:13 Bodkin Arrow
33:33 Leather Archer Armor
34:50 Treadmill Crane
38:13 Imperial Age
37:44 Chain Mail Armor
37:34 Scale Barding Armor
38:59 Bolt Magazine
39:19 Conscription
39:35 Thumb Ring
41:12 Chemistry
39:43 Arbalester
44:22 Siege Engineers
44:54 Elite Skirmisher
rafaelpereira2007
4:53 Loom
15:43 Feudal Age
17:08 Double-Bit Axe
19:56 Wheelbarrow
19:19 Fishing Lines
21:53 Castle Age
22:25 Stone Mining
22:30 Gold Mining
23:50 Bow Saw
23:59 Gillnets
25:13 Forging
25:04 Scale Mail Armor
25:01 Crossbowman
28:09 Squires
30:09 Horse Collar
31:34 Heavy Plow
32:03 Fletching
32:14 Padded Archer Armor
39:58 Imperial Age
39:00 Gambesons
39:01 Arson
38:38 Pikeman
40:14 Town Watch
40:45 Hand Cart
41:07 Leather Archer Armor
41:58 Bodkin Arrow
43:43 Chemistry
43:26 Bracer
43:53 Kataparuto
44:21 Iron Casting
44:19 Arrowslits
44:25 Guard Tower
45:09 Conscription
46:19 Ballistics
47:28 Yasama
48:00 Elite Samurai
49:24 Thumb Ring
48:45 Elite Skirmisher
51:23 Blast Furnace
51:54 Chain Mail Armor
53:47 Plate Mail Armor
53:48 Ring Archer Armor
55:21 Keep
54:30 Arbalester
58:07 Herbal Medicine
60:04 Halberdier
64:36 Masonry
DekaJe
3:12 Loom
20:11 Feudal Age
22:24 Man-at-Arms
22:51 Arson
27:03 Castle Age
25:53 Forging
25:33 Fletching
28:39 Squires
28:41 Scale Mail Armor
sepereti
11:02 Loom
12:53 Feudal Age
19:23 Bloodlines
25:12 Castle Age
22:44 Man-at-Arms
22:50 Man-at-Arms
24:40 Scale Mail Armor
24:51 Forging
27:52 Chain Mail Armor
26:59 Long Swordsman
29:07 Wheelbarrow
28:18 Horse Collar
28:31 Stone Mining
28:32 Gold Mining
38:35 Stone Shaft Mining
41:56 Double-Bit Axe
44:39 Hand Cart
50:42 Imperial Age
51:59 Imperial Age
54:49 Heavy Plow
54:53 Cavalier
58:15 Bow Saw
58:41 Crop Rotation
60:40 Scale Barding Armor
61:55 Iron Casting
65:30 Capped Ram
68:40 Two-Man Saw
chinorron
6:53 Loom
13:32 Feudal Age
16:02 Double-Bit Axe
22:55 Castle Age
22:21 Fletching
23:12 Padded Archer Armor
23:53 Stone Mining
24:49 Elite Skirmisher
30:29 Wheelbarrow
30:11 Horse Collar
31:20 Bow Saw
32:54 Heavy Plow
35:51 Gold Mining
36:24 Leather Archer Armor
36:04 Bodkin Arrow
41:51 Imperial Age
39:39 Hand Cart
39:57 Ballistics
42:38 Bracer
43:47 Two-Man Saw
44:14 Ring Archer Armor
44:47 Chemistry
43:54 Husbandry
43:51 Light Cavalry
46:52 Conscription
47:15 Wootz Steel
48:23 Scale Barding Armor
57:33 Chain Barding Armor
58:30 Scale Mail Armor
58:43 Forging
60:07 Iron Casting
63:59 Blast Furnace
kypraeos18
8:22 Loom
16:21 Feudal Age
17:00 Double-Bit Axe
21:49 Castle Age
19:57 Gold Mining
21:22 Bloodlines
21:18 Horse Collar
22:35 Fishing Lines
22:56 Stone Mining
24:40 Bow Saw
25:37 Forging
25:33 Scale Barding Armor
26:20 Medium Warships
26:59 Wheelbarrow
27:04 Stone Shaft Mining
27:24 Iron Casting
28:23 Chain Barding Armor
29:52 Husbandry
30:12 Hand Cart
30:38 Fletching
30:49 Padded Archer Armor
30:49 Scale Mail Armor
33:14 Gillnets
35:11 Bodkin Arrow
37:40 Chain Mail Armor
37:40 Leather Archer Armor
43:23 Imperial Age
41:00 Herbal Medicine
46:25 Conscription
45:56 Capped Ram
48:21 Chemistry
47:41 Ballistics
47:21 Siege Ram
47:37 Elite Skirmisher
48:23 Thumb Ring
49:42 Cavalier
50:56 Paladin
51:51 Bracer
52:26 Plate Barding Armor
52:23 Ring Archer Armor
52:23 Plate Mail Armor
55:55 Elite Conquistador
59:02 Heavy Plow
61:29 Blast Furnace
65:15 Heavy Warships
65:23 Heavy Warships
Connection lost

Rejoining the realm…

Still unreachable

The connection could not be restored.

Session expired

The server has moved on; the page needs a fresh start.